 Dungeon Crawl Stone Soup version 0.28.0-43-g3370ac3207 (webtiles) character file.

Game seed: 3387295807900597830

51 Faeu the Covered (level 3, 0/33 HPs)
             Began as a Minotaur Fighter on Mar 28, 2022.
             Slain by a gnoll
             ... wielding a +0 spear
              (1 damage)
             ... on level 2 of the Dungeon.
             The game lasted 00:02:06 (1049 turns).

Faeu the Covered (Minotaur Fighter)                 Turns: 1049, Time: 00:02:06

Health: 0/33       AC: 11    Str: 22    XL:     3   Next: 58%
Magic:  2/2        EV:  6    Int:  5    God:
Gold:   0          SH:  4    Dex:  9    Spells: 2/2 levels left

rFire   . . .      SeeInvis .   a - +0 long sword {long}
rCold   . . .      Faith    .   c - +0 buckler
rNeg    . . .      Spirit   .   e - +0 plate armour
rPois   .          Reflect  .   (helmet restricted)
rElec   .          Harm     .   (no cloak)
rCorr   .          Rampage  .   (no gloves)
Will    .....                   (no boots)
Stlth   ..........              (no amulet)
HPRegen 0.11/turn               (no ring)
MPRegen 0.08/turn               (no ring)

@: no status effects
A: horns 2, retaliatory headbutt
a: no special abilities


You were on level 2 of the Dungeon.
You visited 1 branch of the dungeon, and saw 2 of its levels.


Innate Abilities, Weirdness & Mutations

You have a pair of horns on your head.
You reflexively headbutt those who attack you in melee.


   Skills:
 + Level 4.2 Fighting
 + Level 3.2 Long Blades
 + Level 4.2 Armour
 + Level 4.1 Shields


You had 2 spell levels left.
You didn't know any spells.
Your spell library was empty.

Inventory:

Hand Weapons
 a - a +0 long sword (weapon) {long}
Armour
 b - a +0 scale mail
 c - a +0 buckler (worn)
 e - a +0 plate armour (worn)
   (You found it on level 1 of the Dungeon)
Scrolls
 g - 2 scrolls of magic mapping {unknown}
 h - a scroll of immolation {unknown}
 j - a scroll of brand weapon {unknown}
Potions
 d - a potion of might
 f - 2 potions of heal wounds {unknown}
 i - a potion of flight {unknown}

Dungeon Overview and Level Annotations

Branches:
Dungeon (2/15)

Altars:

.. .#
.# .#
.# .#
###.##
#<@g.#
###g.#
..#
##..
###


You could see 2 gnolls.


Message History

😕 HP[+1]
You see here a +0 dagger {short}.
As you open the door, it creaks loudly! 😎 HP[+2]
You open the door.
There is an open door here.
There is an open door here.
A dart slug comes into view.
The dart slug launches a dart at you. You block the slug dart.
The dart slug launches a dart at you.
The slug dart hits you but does no damage.
The dart slug barely misses you.
You hit the dart slug. The dart slug launches a dart at you.
The slug dart hits you. 😕 HP[-1]
You take 1 damage, and now have 26/27 hp.
You completely miss the dart slug. You headbutt the dart slug!
You kill the dart slug!
You have reached level 3!
Your experience leads to an increase in your attributes!
Increase (S)trength, (I)ntelligence, or (D)exterity?
You feel stronger. x2 😕 HP[+6] MP[+1]
You now have 33 max hp (+6).
You regained 6 hp, and now have 32/33 hp.
Your mp is fully restored (2).
A rat comes into view. 😎 HP[+1]
You closely miss the rat.
The rat bites you but does no damage. x2
You hit the rat.
You kill the rat!
You see here a rat corpse.
There is an open door here.
Things that are here:
a +0 dagger {short}; a stone {throwing} A rat comes into view.
You block the rat's attack.
You slash the rat!
You kill the rat!
You see here a +0 short sword {short}.
Done exploring.
Done exploring.
(D) Dungeon
Where to? (? - help)
There is a stone staircase leading down here.
You climb downwards.
The gnoll shouts! x2; You hear a shout!
There is a stone staircase leading up here.
There are monsters nearby!
You hit the gnoll. The gnoll hits you but does no damage.
A gnoll comes into view. It is wielding a +0 whip.
You hit the gnoll.
You headbutt the gnoll, but do no damage.
The gnoll hits you but does no damage. You block the gnoll's attack.
The gnoll hits you but does no damage.
You hit the gnoll. The gnoll hits you but does no damage.
The gnoll barely misses you. The gnoll hits you but does no damage.
You slash the gnoll!
You kill the gnoll!
You block the gnoll's attack. The gnoll hits you but does no damage.
You slash the gnoll! Your headbutt misses the gnoll.
The gnoll hits you from afar with a +0 spear. x2
The gnoll hits you with a +0 whip.
The gnoll hits you from afar with a +0 spear. x2
* * * LOW HITPOINT WARNING * * *
You block the gnoll's attack.
You hit the gnoll but do no damage. You headbutt the gnoll.
You kill the gnoll!
The gnoll hits you but does no damage.
The gnoll hits you from afar with a +0 spear.
* * * LOW HITPOINT WARNING * * *
You block the gnoll's attack. The gnoll hits you with a +0 spear.
* * * LOW HITPOINT WARNING * * *
Things that are here:
a +0 whip {mace}; a +0 halberd {polearm} 😨 HP[-19]
You take 19 damage, and now have 14/33 hp.
MASSIVE DAMAGE!! (PAUSE)
You barely miss the gnoll.
The gnoll hits you but does no damage. x2 😨 HP[+1]
You slash the gnoll! The gnoll hits you but does no damage.
The gnoll hits you with a +0 spear.
* * * LOW HITPOINT WARNING * * *
The gnoll hits you but does no damage. The gnoll hits you with a +0 spear.
* * * LOW HITPOINT WARNING * * *
You barely miss the gnoll. Your headbutt misses the gnoll.
The gnoll hits you with a +0 spear.
* * * LOW HITPOINT WARNING * * *
The gnoll hits you but does no damage.
You barely miss the gnoll. The gnoll hits you with a +0 spear.
* * * LOW HITPOINT WARNING * * *
The gnoll hits you with a +0 spear.
* * * LOW HITPOINT WARNING * * *
😱 HP[-14]
You take 14 damage, and now have 1/33 hp.
MASSIVE DAMAGE!! (PAUSE)
You barely miss the gnoll. The gnoll hits you with a +0 spear.
You die...

Skill      XL: |  1  2 |
---------------+-------+-----
Fighting       | 4 |  4.2
Armour         | 4 |  4.2
Shields        | 4 |  4.1
Long Blades    | 3 |  3.2

Action                   || total
-------------------------++-------
Melee: Long sword        ||    78
       Headbutt          ||    11
Armor: Plate armour      ||    59
Dodge: Dodged            ||    18
Block: Buckler           ||    17

Levels and vault maps discovered:
D:1:      ncdulo_lavacross, layout_basic
D:2:      cheibrodos_fertilizer, layout_basic, st_stairs_10, roderic_lattice_a,
          uniq_jessica, uniq_crazy_yiuf_cottage

Notes
Turn   | Place    | Note
-------+----------+-------------------------------------------
     0 | D:1      | Faeu the Minotaur Fighter began the quest for the Orb.
     0 | D:1      | Reached XP level 1. HP: 19/19 MP: 0/0
     0 | D:1      | magus.rc [v1.9.6]
    23 | D:1      | magus.rc [v1.9.6]
   294 | D:1      | Reached XP level 2. HP: 27/27 MP: 1/1
   563 | D:1      | Reached skill level 4 in Fighting
   566 | D:1      | Reached skill level 4 in Armour
   757 | D:1      | Reached skill level 4 in Shields
   843 | D:1      | Reached skill level 3 in Long Blades
   907 | D:1      | Reached XP level 3. HP: 32/33 MP: 2/2
  1047 | D:2      | HP: 5/33 [gnoll/+0 spear (4)]
  1048 | D:2      | HP: 1/33 [gnoll/+0 spear (3)]
  1049 | D:2      | Slain by a gnoll

Vanquished Creatures
  2 gnolls (D:2)
  2 dart slugs (D:1)
  A ball python (D:1)
  2 endoplasms (D:1)
  2 giant cockroaches (D:1)
  A goblin (D:1)
  2 hobgoblins (D:1)
  4 jackals (D:1)
  2 kobolds (D:1)
  2 quokkas (D:1)
  A frilled lizard (D:1)
  5 rats (D:1)
26 creatures vanquished.

Table legend:
 A = Non-vault XP
 B = Vault XP
 C = Vault XP percentage of total XP
 D = Non-vault monster count
 E = Vault monster count
 F = Vault count percentage of total count
                 A         B        C        D         E       F
            +---------+---------+-------+---------+---------+-------
      Total |      74 |       0 |   0.0 |      26 |       0 |   0.0
            +---------+---------+-------+---------+---------+-------
        D:1 |      46 |       0 |   0.0 |      24 |       0 |   0.0
        D:2 |      28 |       0 |   0.0 |       2 |       0 |   0.0
            +---------+---------+-------+---------+---------+-------

Illustrated notes

Table legend:
 A = Kills in this place as a percentage of kills in entire the game.
 B = Kills by you in this place as a percentage of kills by you in the entire game.
 C = Kills by friends in this place as a percentage of kills by friends in the entire game.
 D = Other kills in this place as a percentage of other kills in the entire game.
 E = Experience gained in this place as a percentage of experience gained in the entire game.
 F = Experience gained in this place divided by the number of levels of this place that you have seen.
                   A       B       C       D       E      F
               +-------+-------+-------+-------+-------+----------------------
         Total | 100.0 | 100.0 |   N/A |   N/A | 100.0 |  37.0
       Dungeon | 100.0 | 100.0 |   N/A |   N/A | 100.0 |  37.0
               +-------+-------+-------+-------+-------+----------------------

Table legend: (Time is in decaauts)
 A = Elapsed time spent in this place.
 B = Non-inter-level travel time spent in this place.
 C = Inter-level travel time spent in this place.
 D = Time resting spent in this place.
 E = Time spent auto-exploring this place.
 F = Levels seen in this place.
 G = Mean time per level.
                   A        B        C        D        E       F      G
               +--------+--------+--------+--------+--------+-----+--------+
         Total |   1071 |   1054 |     17 |      0 |    690 |   2 |  535.5 |
       Dungeon |   1071 |   1054 |     17 |      0 |    690 |   2 |  535.5 |
               +--------+--------+--------+--------+--------+-----+--------+

Top non-repeatable levels by time:
     D:1: 1056 daAuts
     D:2: 14 daAuts
